 Dungeon Crawl Stone Soup version 0.28.0-53-g5a82cb258f (webtiles) character file.

Game seed: 272336046084956951

32 funkygono the Skirmisher (level 3, -1/33 HPs)
             Began as a Minotaur Fighter on June 29, 2022.
             Frozen to death by an endoplasm (4 damage)
             ... on level 1 of the Dungeon.
             The game lasted 00:01:32 (1029 turns).

funkygono the Skirmisher (Minotaur Fighter)         Turns: 1029, Time: 00:01:33

Health: -1/33      AC:  7    Str: 22    XL:     3   Next: 10%
Magic:  2/2        EV:  9    Int:  5    God:
Gold:   55         SH:  4    Dex:  9    Spells: 2/2 levels left

rFire   . . .      SeeInvis .   a - +0 long sword
rCold   . . .      Faith    .   c - +0 buckler
rNeg    . . .      Spirit   .   b - +0 scale mail
rPois   .          Reflect  .   (helmet restricted)
rElec   .          Harm     .   (no cloak)
rCorr   .          Rampage  .   (no gloves)
Will    .....                   (no boots)
Stlth   ..........              (no amulet)
HPRegen 0.11/turn               (no ring)
MPRegen 0.08/turn               (no ring)

@: no status effects
A: horns 2, retaliatory headbutt
a: no special abilities


You were on level 1 of the Dungeon.
You visited 1 branch of the dungeon, and saw 2 of its levels.

You collected 55 gold pieces.

Inventory:

Hand Weapons
 a - a +0 long sword (weapon)
 j - a +0 mace
Missiles
 h - 4 boomerangs (quivered)
Armour
 b - a +0 scale mail (worn)
 c - a +0 buckler (worn)
Scrolls
 i - a scroll of immolation {unknown}
Potions
 d - a potion of might
 e - a potion of cancellation {unknown}
 f - a potion of magic {unknown}
 g - a potion of flight {unknown}
 k - a potion of haste {unknown}


   Skills:
 + Level 4.2 Fighting
 + Level 2.9 Long Blades
 + Level 4.0 Armour
 + Level 4.0 Shields


You had 2 spell levels left.
You didn't know any spells.
Your spell library was empty.

Dungeon Overview and Level Annotations

Branches:
Dungeon (2/15)

Altars:


Innate Abilities, Weirdness & Mutations

You have a pair of horns on your head.
You reflexively headbutt those who attack you in melee.


Message History

You barely miss the adder.
The adder is lightly wounded.
You feel very sick. The adder closely misses you.
The adder bites you but does no damage.
You barely miss the adder.
The adder is lightly wounded.
You feel sick. The adder bites you but does no damage.
The endoplasm closely misses you. You block the adder's attack.
You miss the adder.
The adder is lightly wounded.
You feel sick. The endoplasm freezes you.
You are frozen.
* * * LOW HITPOINT WARNING * * *
The adder closely misses you. The endoplasm closely misses you.
You feel sick. The adder bites you but does no damage.
You feel sick.
You feel sick.
You are no longer poisoned.
There is a stone staircase leading up here.
Okay, then.
The adder bites you but does no damage. The endoplasm freezes you.
You are frozen.
* * * LOW HITPOINT WARNING * * *
The adder bites you but does no damage.
You climb upwards.
There is a stone staircase leading down here.
You closely miss the adder. The adder closely misses you.
You block the endoplasm's attack.
You hit the adder.
The adder is heavily wounded.
The adder barely misses you. The endoplasm misses you. You furiously retaliate!
You headbutt the endoplasm. The adder bites you but does no damage.
Unknown command.
You slash the adder!
You kill the adder!
The endoplasm freezes you.
You are frozen.
You die...

.....##########....#
.............##.##.#
.............##.##.#
####.........##.##.#
##........##.##.#
#........##.##.#
#..............#
#####..####+####.###
..)............J@#
######......#.####
##...#........#
.......†......#
..............#
..####........# ###
#.........# #
#.........#
#.........#


You could see an endoplasm.

Vanquished Creatures
  An adder (D:1)
  A ball python (D:1)
  6 endoplasms (D:1)
  A giant cockroach (D:1)
  3 goblins (D:1)
  5 hobgoblins (D:1)
  2 kobolds (D:1)
  7 bats (D:1)
  A frilled lizard (D:1)
  2 rats (D:1)
29 creatures vanquished.

Notes
Turn   | Place    | Note
-------+----------+-------------------------------------------
     0 | D:1      | funkygono the Minotaur Fighter began the quest for the Orb.
     0 | D:1      | Reached XP level 1. HP: 19/19 MP: 0/0
   295 | D:1      | Reached XP level 2. HP: 13/27 MP: 1/1
   651 | D:1      | Found a faded altar of an unknown god.
   786 | D:1      | Reached XP level 3. HP: 31/33 MP: 2/2
  1029 | D:1      | Frozen to death by an endoplasm

Illustrated notes

Levels and vault maps discovered:
D:1:      minmay_arrival_loop, layout_basic,
          hellmonk_ecumenical_altar_pennies_from_heaven, serial_curves,
          eino_curves_02, eino_curves_04
D:2:      layout_loops_ring

Skill      XL: |  1  2 |
---------------+-------+-----
Fighting       | 4 |  4.2
Armour         | 4 |  4.0
Shields        | 4 |  4.0
Long Blades    | |  2.9

Action                   || total
-------------------------++-------
Melee: Long sword        ||    67
       Headbutt          ||    11
Armor: Scale mail        ||    42
Dodge: Dodged            ||    32
Block: Buckler           ||    17
